AoeStats
← eric05

Black Forest

510611828Analyzed
3v3 RM · 2d ago on Oct 1, 2026· 116m 8s· 6 players
Game mode
Random Map
Map size
Normal (6 player)
Population
200
Speed
Normal
Resources
Standard
Victory
Conquest
Starting age
Dark Age
Ending age
Imperial Age
RankedLock teamsTeams togetherTeam positionsShared explorationLock speedFull tech treeHidden civsTurbo modeCheats
Victory
Defeat
🇪🇸 Byzantines · Spain
1197
+10
🇪🇸 Danes · Spain
1183
+10
🇪🇸 Bohemians · Spain
1172
+10
🇩🇪 Shu · Germany
1085
-11
🇦🇹 Turks · Austria
1056
-10
🇫🇷 Danes · France
1024
-9
tarmineldur
4:38 Loom
12:11 Feudal Age
16:27 Castle Age
14:55 Horse Collar
15:08 Double-Bit Axe
18:20 Bow Saw
21:46 Heavy Plow
21:58 Man-at-Arms
23:11 Stone Mining
24:06 Wheelbarrow
23:17 Town Watch
24:34 Gold Mining
26:36 Hand Cart
29:52 Imperial Age
28:29 Stone Shaft Mining
27:59 Town Patrol
27:47 Long Swordsman
29:10 Masonry
29:20 Gambesons
29:55 Forging
29:45 Scale Mail Armor
29:50 Squires
30:10 Onager
30:18 Two-Handed Swordsman
31:49 Gold Shaft Mining
31:27 Arson
31:22 Champion
35:00 Iron Casting
33:58 Hamask
35:00 Conscription
36:09 Chemistry
36:45 Siege Engineers
37:12 Elite Varangian Guard
39:22 Blast Furnace
38:44 Chain Mail Armor
41:25 Plate Mail Armor
42:42 Fletching
44:57 Bodkin Arrow
47:17 Caravan
47:02 Siege Onager
50:50 Northmen's Fury
58:41 Pikeman
60:40 Hoardings
63:14 Halberdier
96:06 Ballistics
110:48 Heavy Scorpion
113:30 Heavy Scorpion
Gello426205
10:29 Feudal Age
9:59 Loom
11:15 Double-Bit Axe
16:49 Castle Age
14:35 Horse Collar
15:06 Gold Mining
17:54 Bow Saw
20:59 Heavy Plow
24:01 Gold Shaft Mining
26:06 Fishing Lines
27:38 Scale Mail Armor
27:48 Stone Mining
29:08 Wheelbarrow
28:19 Town Watch
31:07 Imperial Age
28:30 Treadmill Crane
30:01 Ballistics
30:14 Hand Cart
30:12 Forging
30:18 Chain Mail Armor
30:46 Town Patrol
32:17 Plate Mail Armor
32:55 Two-Man Saw
32:12 Gillnets
32:37 Siege Engineers
33:18 Fletching
33:30 Squires
33:16 Arson
34:11 Bodkin Arrow
33:38 Pikeman
34:46 Halberdier
35:51 Conscription
35:32 Coiled Serpent Array
34:52 Elite White Feather Guard
35:50 Bracer
35:55 Devotion
36:58 Chemistry
37:46 Bolt Magazine
37:50 Crossbowman
38:36 Padded Archer Armor
38:53 Masonry
38:51 Thumb Ring
39:25 Hoardings
38:25 Arbalester
40:26 Architecture
39:52 Murder Holes
42:16 Faith
43:51 Caravan
56:44 Elite Skirmisher
90:07 Fortified Wall
zarett
14:02 Feudal Age
17:51 Castle Age
18:31 Double-Bit Axe
18:43 Gold Mining
22:01 Imperial Age
48:45 Bombard Tower
50:46 Fletching
51:40 Caravan
62:57 Loom
68:03 Bow Saw
67:51 Horse Collar
70:21 Heavy Plow
70:37 Scale Barding Armor
70:56 Forging
72:26 Chain Barding Armor
75:14 Plate Barding Armor
75:15 Iron Casting
74:47 Husbandry
75:01 Bloodlines
80:01 Wheelbarrow
79:12 Town Watch
106:43 Heavy Camel Rider
tttoni18
0:32 Loom
12:07 Feudal Age
17:11 Castle Age
16:09 Double-Bit Axe
16:18 Stone Mining
18:55 Bow Saw
18:32 Horse Collar
23:57 Town Watch
24:51 Wheelbarrow
26:53 Caravan
31:00 Imperial Age
28:59 Ballistics
29:00 Heavy Plow
30:50 Hand Cart
30:35 Town Patrol
30:23 Hamask
32:37 Conscription
32:45 Onager
34:19 Siege Engineers
34:15 Gold Mining
35:03 Stone Shaft Mining
36:21 Siege Onager
39:01 Scale Mail Armor
39:11 Forging
40:03 Coinage
39:12 Elite Varangian Guard
39:40 Gambesons
39:55 Squires
39:40 Arson
40:13 Chain Mail Armor
40:45 Banking
42:50 Plate Mail Armor
42:26 Scale Barding Armor
42:56 Iron Casting
42:56 Plate Mail Armor
43:31 Chemistry
42:41 Masonry
45:05 Blast Furnace
46:12 Northmen's Fury
55:42 Man-at-Arms
56:43 Long Swordsman
57:39 Two-Handed Swordsman
59:11 Champion
59:47 Fletching
81:07 Pikeman
82:23 Halberdier
82:53 Capped Ram
87:35 Siege Ram
94:06 Bodkin Arrow
94:12 Padded Archer Armor
96:41 Elite Jomsviking
97:56 Hoardings
101:32 Heavy Scorpion
JENDRIK
0:44 Loom
13:03 Feudal Age
13:57 Double-Bit Axe
15:19 Horse Collar
21:23 Castle Age
24:27 Wheelbarrow
24:38 Town Watch
26:29 Elite Skirmisher
27:09 Fletching
27:19 Padded Archer Armor
28:25 Fletching
28:36 Padded Archer Armor
29:09 Masonry
29:14 Elite Skirmisher
32:49 Imperial Age
32:55 Bodkin Arrow
41:26 Chemistry
43:19 Hand Cart
45:09 Chemistry
44:53 Ballistics
44:37 Bracer
44:52 Leather Archer Armor
48:49 Crossbowman
50:05 Caravan
49:57 Houfnice
50:50 Siege Engineers
52:49 Ring Archer Armor
52:42 Arbalester
56:34 Bow Saw
69:20 Fortified Wall
69:40 Architecture
79:44 Two-Man Saw
79:36 Pikeman
83:00 Halberdier
83:41 Squires
83:44 Scale Mail Armor
83:55 Forging
94:59 Chain Mail Armor
95:19 Iron Casting
103:36 Capped Ram
105:01 Arson
106:20 Blast Furnace
105:51 Plate Mail Armor
105:40 Wagenburg Tactics
105:56 Conscription
eric05
12:31 Feudal Age
16:58 Castle Age
15:17 Double-Bit Axe
17:58 Bow Saw
17:29 Horse Collar
23:15 Fishing Lines
24:23 Wheelbarrow
23:34 Loom
24:15 Gold Mining
24:16 Stone Mining
24:58 Gillnets
27:19 Coinage
30:10 Imperial Age
27:25 Light Cavalry
28:30 Scale Barding Armor
28:11 Horse Collar
30:19 Chain Barding Armor
30:14 Heavy Plow
32:04 Chemistry
31:56 Crop Rotation
32:25 Conscription
33:59 Two-Man Saw
32:41 Hussar
33:23 Cavalier
36:28 Cavalier
38:32 Plate Barding Armor
38:49 Husbandry
43:42 Hand Cart
42:51 Paladin
46:04 Forging
53:52 Caravan
57:35 Elite Cataphract
64:11 Logistica
71:10 Iron Casting
77:47 Banking
83:40 Heavy Camel Rider
101:46 Hoardings
109:33 Guilds
Connection lost

Rejoining the realm…

Still unreachable

The connection could not be restored.

Session expired

The server has moved on; the page needs a fresh start.